Map: Odyssey LE

Players

Whiskydog

  • Race: Terran Terran
  • League: Silver
  • Spawn Location: 5:00

Sougamiso - Winner!

  • Race: Terran Terran
  • League: Platinum
  • Spawn Location: 11:00

VOD

Have the link to the VOD?

Description

Time

  • Played on: June 10, 2017, 11:33 p.m.
  • Length: 15:55
Show
View Real Time Build Order
Export as new Build Order

Whiskydog Terran 

Build Orders: MMM Bio 

Get SALT Encoding   

  12  0:02  SCV  
  13  0:16  Supply Depot  
  13  0:18  SCV  
  14  0:26  Refinery  
  14  0:41  Barracks  
  14  0:44  SCV  
  15  0:57  SCV  
  16  1:06  Supply Depot  
  16  1:09  SCV  
  17  1:20  Engineering Bay  
  17  1:26  SCV  
  17  1:32  Refinery  
  18  1:38  Barracks Tech Lab, SCV  
  19  1:57  Factory  
  19  2:02  Orbital Command  
  19  2:07  Marine  
  20  2:15  Stimpack  
  20  2:34  Terran Infantry Weapons Level 1  
  20  2:35  Marine  
  21  2:44  Factory Tech Lab  
  21  2:57  Barracks  
  21  2:59  Marine  
  22  3:08  Starport, SCV  
  22  3:12  Supply Depot  
  23  3:20  SCV  
  23  3:22  Marine  
  25  3:28  Siege Tank  
  28  3:36  Supply Depot  
  28  3:40  Missile Turret  
  28  3:43  SCV  
  28  3:47  Barracks Reactor  
  29  3:50  Starport Reactor  
  29  3:53  Marine  
  30  3:58  SCV  
  31  4:18  Marine  
  31  4:19  Siege Tank  
  31  4:23  SCV  
  36  4:27  Marine  
  36  4:28  Terran Infantry Armor Level 1, Marine  
  38  4:35  SCV  
  39  4:41  Barracks  
  39  4:59  Command Center  
  39  5:03  SCV  
  39  5:04  Marine  
  41  5:11  Marine x2  
  43  5:15  SCV  
  43  5:16  Medivac  
  46  5:26  Supply Depot  
  46  5:30  Barracks Reactor  
  46  5:35  Marine  
  46  5:36  Supply Depot  
  47  5:48  Marine, SCV  
  49  5:54  Marine x2  
  51  6:00  Medivac, SCV  
  54  6:17  Marine x3  
  54  6:18  Marine x2  
  58  6:24  Medivac  
  61  6:45  Orbital Command  
  61  6:47  SCV  
  62  6:59  SCV  
  62  7:00  Marine x2  
  62  7:01  Marine x2  
  67  7:10  Marine  
  67  7:11  SCV  
  69  7:18  Marine x2  
  71  7:23  SCV  
  71  7:25  Armory  
  71  7:29  Fusion Core  
  72  7:45  Refinery, Marine x3  
  72  7:46  Marine x2  
  77  7:56  Supply Depot  
  77  8:03  Marine  
  78  8:09  Supply Depot  
  78  8:12  Supply Depot  
  78  8:18  Medivac, Marine x2, SCV x2  
  84  8:29  Starport  
  84  8:30  Marine x2, SCV  
  87  8:34  Medivac  
  89  8:46  Barracks  
  89  8:51  Barracks  
  89  8:59  Marine x2  
  89  9:00  Marine x2  
  94  9:03  Marauder  
  95  9:11  Supply Depot  
  95  9:13  SCV x2  
  97  9:17  Marine  
  97  9:18  Medivac  
  100  9:24  Marauder  
  100  9:29  Marine x2  
  100  9:30  Marine  
  105  9:39  Barracks Tech Lab  
  105  9:40  Barracks Tech Lab  
  105  9:41  Marine  
  105  9:44  Terran Infantry Weapons Level 2  
  106  9:47  Combat Shields  
  106  9:59  Marine  
  106  10:00  Marine x2  
  106  10:01  Marine  
  106  10:02  Bunker  
  106  10:04  Marauder  
  112  10:14  Marine  
  113  10:37  Command Center  
  113  10:55  Barracks  
  113  10:58  SCV x2  
  113  10:59  Barracks, Marine x2  
  113  11:00  Marine x2  
  113  11:03  Marauder  
  121  11:04  Marauder  
  121  11:10  SCV  
  121  11:11  Supply Depot, SCV  
  126  11:18  Marauder  
  124  11:20  Supply Depot  
  65  11:33  Marine x3  
  65  11:34  Marine x2  
  69  11:45  Barracks Tech Lab  
  69  12:00  Marine, Barracks Tech Lab  
  69  12:01  Marine x3  
  71  12:04  Marauder x2  
  71  12:05  Marauder x2  
  71  12:07  Medivac x2  
  85  12:17  Refinery  
  85  12:18  Marine  
  85  12:19  Marine  
  85  12:22  Marine x2  
  89  12:23  Marauder  
  89  12:25  Marine  
  89  12:26  Marauder x2  
  96  12:34  Marine  
  97  12:40  Marine x2  
  97  12:41  Marine x2  
  97  12:43  Marine  
  76  13:08  Marine x4  
  76  13:09  Marine x3  
  79  13:21  Marine x2  
  79  13:24  Medivac x2  
  84  13:37  Marine x3  
  84  13:38  Marine  
  84  13:41  Marauder x2  
  92  13:46  Command Center  
  92  13:59  Marine x3  
  92  14:00  Marine  
  98  14:03  Marauder  
  98  14:04  Marauder  
  98  14:05  Marine  
  98  14:07  Marine  
  102  14:12  Medivac  
  104  14:26  Concussive Shells  
  104  14:28  Marine  
  104  14:30  Marine  
  106  14:47  Marine x3  
  106  14:48  Marauder  
  106  14:49  Medivac  
  111  15:05  Planetary Fortress  
  76  15:23  Marine  
  76  15:24  Marine x3  
  76  15:25  Marine x3  
  76  15:26  Marine  
  84  15:33  Marine  
  87  15:49  Barracks x2  
  75  15:51  Barracks  
Show
View Real Time Build Order
Export as new Build Order

Sougamiso Terran - Winner!

Build Orders: MMM Bio 

Get SALT Encoding   

  12  0:00  SCV  
  13  0:13  SCV  
  14  0:17  Supply Depot  
  14  0:25  SCV  
  15  0:39  SCV  
  16  0:49  Barracks  
  16  0:51  SCV  
  17  0:58  Barracks  
  17  1:03  SCV  
  18  1:12  Supply Depot  
  18  1:15  SCV  
  19  1:27  SCV  
  20  1:37  Marine  
  21  1:40  Orbital Command  
  21  1:45  Marine  
  22  1:55  Marine  
  23  2:03  Marine  
  23  2:05  Command Center  
  24  2:11  SCV  
  24  2:12  Marine  
  26  2:21  Marine  
  27  2:23  SCV  
  28  2:30  Barracks, Marine  
  28  2:35  SCV  
  30  2:38  Marine  
  30  2:41  Supply Depot  
  31  2:46  Refinery  
  31  3:01  Supply Depot  
  31  3:02  Marine x2, SCV  
  34  3:12  Barracks  
  34  3:13  Refinery  
  34  3:14  SCV  
  34  3:19  Orbital Command  
  35  3:20  Marine x2  
  35  3:23  Marine  
  38  3:31  SCV  
  39  3:38  Marine x2  
  41  3:41  Marine  
  42  3:51  SCV x2  
  44  3:55  Marine x2  
  44  3:59  Marine  
  44  4:00  Marine  
  44  4:01  Factory  
  48  4:03  SCV x2  
  50  4:13  Marine x2  
  50  4:15  SCV x2  
  54  4:17  Marine  
  54  4:18  Marine  
  56  4:26  Supply Depot  
  56  4:27  SCV x2  
  56  4:28  Supply Depot  
  58  4:31  Marine x2  
  58  4:34  Engineering Bay  
  58  4:36  Marine x2  
  62  4:45  Supply Depot  
  62  4:48  SCV  
  62  4:49  SCV  
  64  4:52  Starport  
  64  5:00  SCV  
  64  5:01  SCV  
  64  5:04  Engineering Bay  
  66  5:08  Marine  
  66  5:09  Marine  
  66  5:12  SCV  
  66  5:13  SCV  
  71  5:14  Barracks Tech Lab  
  71  5:15  Barracks Tech Lab  
  71  5:17  Factory Tech Lab  
  70  5:24  SCV  
  70  5:25  Missile Turret  
  71  5:28  Missile Turret  
  71  5:30  Supply Depot  
  71  5:33  SCV  
  71  5:35  Combat Shields, Stimpack  
  72  5:38  Starport Reactor, Missile Turret  
  72  5:42  Marine  
  72  5:43  Marine x3  
  76  6:00  Marine x2, SCV  
  76  6:01  Missile Turret, Marauder  
  76  6:02  Refinery  
  76  6:04  Refinery, Terran Infantry Weapons Level 1  
  81  6:05  Terran Infantry Armor Level 1  
  81  6:06  Marauder  
  83  6:14  Supply Depot  
  83  6:18  Supply Depot, Marine  
  83  6:23  Marauder  
  86  6:30  Medivac  
  86  6:31  Medivac  
  90  6:33  Marine x2  
  90  6:36  Marine  
  93  6:43  Marine  
  94  6:51  Marauder, Marine  
  94  6:54  Marine  
  96  6:57  Barracks x2  
  96  6:59  Barracks  
  97  7:02  Marauder  
  99  7:09  Marine  
  99  7:12  Command Center  
  100  7:19  Missile Turret  
  100  7:20  Marine x2  
  100  7:22  Medivac  
  104  7:23  Marine  
  104  7:26  Marine  
  104  7:27  Supply Depot  
  106  7:32  Supply Depot  
  106  7:36  Supply Depot  
  106  7:38  Marine  
  106  7:40  Marine  
  106  7:41  Barracks Reactor  
  108  7:45  Barracks Tech Lab  
  108  7:47  Barracks Tech Lab  
  108  7:48  Barracks Tech Lab  
  108  7:49  Barracks Tech Lab  
  108  7:52  Medivac  
  108  7:55  Missile Turret  
  108  7:56  Marauder  
  112  7:58  Marine  
  112  8:00  Medivac  
  115  8:17  Marauder, Marine  
  118  8:22  Medivac  
  120  8:29  Supply Depot x2, Orbital Command  
  120  8:35  Command Center  
  120  8:38  Missile Turret  
  120  8:40  Missile Turret  
  120  8:43  SCV x2  
  120  8:44  Marine  
  123  8:51  Marine  
  123  8:52  Marauder, Marine  
  123  8:54  Refinery  
  123  8:55  Refinery, SCV x2  
  127  8:59  Marauder x2  
  127  9:01  Marauder  
  135  9:04  Marauder  
  137  9:24  Command Center  
  137  9:41  Marine x4  
  137  9:42  Marine x4  
  137  9:44  Medivac x2  
  149  9:52  Command Center  
  149  9:57  Supply Depot  
  149  9:59  Marine x3  
  152  10:02  Orbital Command  
  152  10:14  Medivac, SCV  
  154  10:15  SCV x2  
  157  10:27  SCV x3  
  159  10:40  Command Center  
  159  10:46  Planetary Fortress  
  159  10:54  Marine  
  159  10:55  Marauder x3, Marine x3  
  159  10:56  Marauder  
  171  11:12  Marine x2  
  171  11:13  Marauder x2  
  144  11:27  Armory  
  144  11:32  Marauder x2, Marine x3  
  153  11:33  Marauder  
  153  11:34  Marine  
  153  11:35  Marauder  
  156  11:40  Orbital Command  
  156  11:49  Marine  
  156  11:50  Marauder, Marine  
  156  11:53  Marauder x2, Marine  
  156  11:54  Marauder  
  167  11:55  Marine  
  168  12:04  Refinery, Orbital Command  
  168  12:09  Refinery  
  168  12:12  Marauder  
  170  12:16  Marine x3  
  170  12:17  Command Center, Marine x4  
  177  12:27  Terran Infantry Weapons Level 2  
  177  12:33  Marine  
  177  12:34  Marine x2  
  140  12:53  Marauder, Marine x3  
  140  12:54  Marauder x3, Marine  
  116  13:11  Marine x2  
  116  13:12  Marauder x2  
  109  13:14  Medivac x2, Marine  
  109  13:15  Marauder x2, Marine  
  118  13:29  Missile Turret, Marine x2  
  118  13:33  Marauder x2, Marine x2  
  126  13:36  Marine x2  
  128  13:42  Planetary Fortress  
  128  13:44  Medivac  
  128  13:47  Marine x2  
  132  13:51  Missile Turret, Marine x2  
  132  13:54  Marauder, Marine x2  
  132  13:55  Marauder  
  140  14:04  Marine x2  
  140  14:09  Marauder x2  
  146  14:11  Missile Turret  
  146  14:12  Marauder, Marine  
  146  14:13  Barracks  
  146  14:14  Barracks  
  146  14:15  Barracks, Marine, Marauder  
  152  14:19  Barracks  
  152  14:22  Marine x2  
  154  14:30  Marauder x2, Marine  
  159  14:32  Missile Turret  
  159  14:33  Marine x2  
  161  14:46  Command Center  
  161  14:47  Command Center  
  135  15:09  Marauder x2, Marine x5  
  135  15:10  Marauder x4, Marine  
  121  15:26  Marine  
  121  15:27  Marine x5  
  127  15:31  Marauder x4, Marine x2  
Tags
 
Composition
MMM BioMMM Bio
Matchup
TvT
Race
Terran
Replay Pack
SIII
Spawn Locations
Cross Positions
Add a new tag
Caveats
  • Supply blocks, unpowered buildings, or Contaminate may cause inaccurate times.
  • Supply counts are checked every 10 seconds.